Unix NetHack Version 5.0.0-0 post-release - last build May 31 2026 23:59:36 (970b52f25bf058293b47ddfd14a1e40e571c508c,branch:main).

Game began 2026-05-26 13:40:02, ended 2026-06-04 19:19:18.

Fletchius, lawful female human Priestess

    ----------------------------------------------------------------
    |.............................................@@...............|
    |..------------...........)..........)...........h.............-----------
    |..|..........|.....)....%.......................................|.^+.|..|
    |..|..........|..........}}}}}}}....................}}}}}}}......|..%.|..|
    |..|...--|--|--..........}-----}....................}-----}......----|-..|
    |..|...|.....[...........}|   |}}}}}}}}}}}}}}}}}}}}}}|   |}........|.....|
    |..|.(.|.....)...........}--- ------------------------ ---}........|[.)..|
    |..|...-................%}..|..........|               |}}}........-..)..|
    |..|...|=.................$..%.)\......|               |}..........|.....|
    |..|...|.%................`}|..........|               |}..........----|--
    |..|...-...=..............}}|  ........|               |}}}..........| #
    |..|...|.................}--- ------------------------ ---}..........| #
    |..|...|.................}|   |}}}}}}}}}}}}}}}}}}}}}}|   |}........--- #
    |..|...--|--|--..........}-----}....................}-----}.....)..|   #
    |..|.(........|..........}}}}}}}....................}}}}}}}......).|   #
    |..|..........|.................................................--(----|--
    |..------------...........................................[.....|.))...).|
    |...............................................................|...`....|
    --------------------------------------------------------------------------
Fletchius the Priestess      St:25 Dx:14 Co:18 In:12 Wi:18 Ch:12  Lawful
Fort Ludios $:0  HP:0(113) Pw:129(129) AC:-5 Xp:13 T:10494 

Latest messages:
 You hear a nearby zap.
 Boing!
 The ice troll wields a blessed silver saber!
 What do you want to zap? [kmopxEHQ or ?*] k
 A lit field surrounds you!
 You hit the ice troll!
 You hit the ice troll!
 The ice troll swings her silver saber.
 The ice troll hits!
 The ice troll hits!
 You avoid harm.
 The ice troll bites!
 You kill the ice troll!
 There are many objects here.
 There is an ice troll corpse here; eat it? [ynq] (n) y
 This ice troll corpse is gamey.
 Kaablamm!  You hear an explosion in the distance!
 You finish eating the ice troll corpse.
 What do you want to zap? [kmopxEHQ or ?*] k
 A lit field surrounds you!
 You hit the mountain centaur!
 The mountain centaur hits!
 The mountain centaur kicks!
 The mountain centaur kicks again!
 You kill the mountain centaur!
 The plains centaur shoots a crossbow bolt!
 It is missed.
 A crossbow bolt misses you.
 Croesus picks up a blessed potion of healing.
 What do you want to zap? [kmopxEHQ or ?*] ?
 Nothing happens.
 Croesus wields a two-handed sword!
 What do you want to drop? [bdfh-rwxAC-FH-KNP-TW-Z or ?*] p
 You drop an ebony wand.
 Croesus picks up an ebony wand.
 What do you want to zap? [kmoxEHQ or ?*] ?
 In what direction? h
 What do you want to zap? [kmoxEHQ or ?*] ?
 In what direction? h
 You hit Croesus!
 Croesus swings his two-handed sword.
 Croesus hits!
 You hit Croesus!
 You hit Croesus!
 Croesus swings his two-handed sword.
 Croesus hits!
 Croesus swings his two-handed sword.
 Croesus hits!
 You die...
 Do you want your possessions identified? [ynq] (y) q

Inventory:
 Amulets  ('"')
  Z - an amulet of ESP
  i - an amulet of guarding (being worn)
 Weapons  (')')
  W - the blessed rustproof +7 Sceptre of Might (weapon in right hand)
 Armor    ('[')
  w - a +0 helm of brilliance (being worn)
  C - a very rusty corroded +0 pair of gauntlets of power (being worn)
  Y - a blessed burnt +0 pair of speed boots (being worn)
  I - a +0 shield of reflection (being worn)
  b - a +0 robe (being worn)
  n - a +0 set of blue dragon scales (being worn)
 Scrolls  ('?')
  j - a scroll of create monster
 Spellbooks  ('+')
  R - a blessed spellbook of chain lightning
 Potions  ('!')
  S - a potion of levitation
  A - 2 potions of holy water
 Rings    ('=')
  q - a ring of aggravate monster
  K - a ring of conflict
  F - a ring of free action
  h - a blessed +2 ring of increase accuracy
  d - a blessed +3 ring of increase damage
  J - a ring of polymorph control
  D - a ring of sustain ability
  X - a ring of sustain ability
 Wands    ('/')
  E - a blessed wand of digging (0:3)
  o - a wand of digging (0:6)
  k - a wand of light (0:4)
  x - a wand of nothing (0:8)
  H - a wand of opening (0:6)
  m - a wand of teleportation (0:3)
  Q - a wand of undead turning (0:5)
 Tools    ('(')
  N - a blessed bag of holding containing 23 items
  f - a blessed magic lamp (lit)
  T - a magic whistle
  r - a skeleton key
  l - a +0 unicorn horn
 Gems/Stones  ('*')
  P - a blessed luckstone

Contents of the bag of holding:
  18154 gold pieces
  a +0 helm of caution
  4 food rations
  2 sprigs of wolfsbane
  a lizard corpse
  a scroll of gold detection
  a scroll of earth
  a scroll of teleportation
  a spellbook of healing
  a spellbook of knock
  a potion of polymorph
  a potion of object detection
  a blessed potion of fruit juice
  2 potions of fruit juice
  a potion of levitation
  2 potions of monster detection
  2 potions of holy water
  a cursed wand of magic missile (0:2)
  a cursed wand of create monster (0:9)
  a wand of lightning (0:7)
  a wand of wishing (0:0)
  a corroded +0 pick-axe
  a blessed touchstone

Fletchius the Priestess's attributes:

Background:
 You were a Priestess, level 13 human.
 You were lawful, on a mission for Mercury
 who was opposed by Venus (neutral) and Mars (chaotic).
 You were right-handed.
 You were on the Fort Ludios level.
 You entered the dungeon 10494 turns ago.
 You had 41296 experience points, 38704 more were needed to attain level 14.

Basics:
 You had 0 out of 113 hit points.
 You had all 129 energy points (spell power).
 Your armor class was -5.
 Your wallet was empty, but
 you had 18154 zorkmids stashed away in your pack.
 Autopickup was off.

Final Characteristics:
 Your strength was 25 (base:16, innate limit:18/100).
 Your dexterity was 14 (limit:18).
 Your constitution was 18 (limit:18).
 Your intelligence was 12 (limit:18).
 Your wisdom was 18 (limit:18).
 Your charisma was 12 (limit:18).

Final Status:
 You weren't hungry.
 You were unencumbered.
 You were wielding a mace.
 You had expert skill with mace.

Final Attributes:
 You were piously aligned.
 You were magic-protected.
 You were cold resistant.
 You were shock resistant.
 Your items were protected from electric shocks.
 You were poison resistant.
 You were telepathic.
 You had a moderate defense bonus (+7).
 You were protected.
 Your spell casting was enhanced by wearing a robe.
 You were very fast.
 You had reflection.
 You were lucky.
 You had extra luck.
 Good luck did not time out for you.
 You are dead.

Miscellaneous:
 You encountered 2 bones levels.
 Total elapsed playing time was 6 hours, 14 minutes and 3 seconds.

Major events:
 Turn
    1: Fletchius the lawful human Priestess entered the dungeon
 1211: attained the rank of Acolyte (level 3)
 1736: entered the Gnomish Mines
 1907: attained the rank of Adept (level 6)
 2718: made her first wish - "the blessed fixed +2 sceptre of might", got "a blessed mace named the Sceptre of Might"
 2858: reached Mine Town
 6342: consulted the Oracle
 6613: entered Sokoban
 6844: completed 1st Sokoban level
 7108: entered the Bigroom
 7254: attained the rank of Priestess (level 10)
10494: killed by Croesus

Spells:
 Name                 Level Category     Fail Retention
 healing                1   healing       59%   26%-50%
 detect monsters        1   divination    65%   26%-50%
 create familiar        6   clerical     100%   51%-60%
 knock                  1   matter        65%   51%-75%
 sleep                  3   enchantment   93%  76%-100%
 cure blindness         2   healing       63%  76%-100%
 invisibility           4   escape        99%  76%-100%
 chain lightning        2   attack        69%  76%-100%
 confuse monster        1   enchantment   65%  76%-100%

Skills:
 Fighting Skills
   bare handed combat [Unskilled]
 Weapon Skills
   club               [Unskilled]
   mace               [Expert]
   morning star       [Unskilled]
   flail              [Unskilled]
   hammer             [Unskilled]
   quarterstaff       [Unskilled]
   polearms           [Unskilled]
   spear              [Unskilled]
   trident            [Unskilled]
   lance              [Unskilled]
   bow                [Unskilled]
   sling              [Unskilled]
   crossbow           [Unskilled]
   dart               [Unskilled]
   shuriken           [Unskilled]
   boomerang          [Unskilled]
   unicorn horn       [Unskilled]
 Spellcasting Skills
   healing spells     [Unskilled]
   divination spells  [Unskilled]
   clerical spells    [Basic]

Voluntary challenges:
 Character rerolling was not enabled.
 You never genocided any monsters.
 You never polymorphed an object.
 You never changed form.
 You used 1 wish (for an artifact).
 You did not violate any of the special Sokoban rules.
Achievements:
 You entered a shop.
 You attained the rank of Acolyte.
 You entered the Gnomish Mines.
 You attained the rank of Adept.
 You entered Minetown.
 You entered a temple.
 You consulted the Oracle of Delphi.
 You entered Sokoban.
 You entered the Big Room.
 You attained the rank of Priestess.

 The Dungeons of Doom: levels 1 to 19
    Level 1:
       A grave.
    Level 2:
       An armor shop, many fountains.
       Stairs down to The Gnomish Mines.
    Level 3:
       A general store.
    Level 4:
    Level 5:
       An armor shop, a fountain, a grave.
    Level 6:
       A general store, an altar.
    Level 7:
    Level 8:
       Many fountains.
       Oracle of Delphi.
    Level 9:
       Many fountains, many trees.
       Stairs up to Sokoban, level 8.
    Level 10:
       Many trees.
       Final resting place for
          voidsouls-Wiz-Orc-Mal-Cha, killed by a white unicorn.
    Level 11:
       Many fountains.
       A very big room.
    Level 12:
       A temple and an altar, a fountain.
    Level 13:
    Level 14:
       A temple and an altar, a fountain.
    Level 15:
       A fountain.
       Summoned by the Arch Priest.
    Level 16:
       A fountain.
    Level 17:
       A primitive area.
    Level 18:
       A fountain.
    Level 19:
       Portal to Fort Ludios.
 The Gnomish Mines: levels 3 to 10
    Level 3:
    Level 4:
    Level 5:
       Many shops, a temple and an altar to Mercury, some fountains.
    Level 6:
    Level 7:
       A grave.
       Final resting place for
          Sokolas-Pri-Hum-Fem-Cha, killed by a raven.
    Level 8:
    Level 9:
    Level 10:
 Sokoban: levels 8 up to 7
    Level 7:
       Unsolved.
    Level 8:
       Solved.
 Fort Ludios:
    Level 1: <- You were here.
       A throne.
       Final resting place for
          you, killed by Croesus.


Vanquished creatures:
  a silver dragon
  a white dragon
 an orange dragon
  a blue dragon
  a displacer beast
  2 titanotheres
  a trapper
  a genetic engineer
  3 captains
  a lurker above
  a vampire
  3 lieutenants
  2 ghosts
  2 winged gargoyles
  a giant mimic
  2 ogre tyrants
 an ice troll
  2 rock trolls
 an elven monarch
  3 wumpuses
  a giant zombie
  5 elf-nobles
 14 sergeants
  4 wargs
  4 small mimics
  a warhorse
  a xan
 an ettin mummy
  4 ogre leaders
 17 trolls
  a djinni
  a gelatinous cube
  a pyrolisk
  3 large dogs
  a flaming sphere
  a shocking sphere
  2 large cats
  a gargoyle
  2 dwarf rulers
  a tengu
  2 ochre jellies
  a leocrotta
 an energy vortex
  2 mountain centaurs
  4 stone giants
  a red naga
  a wraith
  a carnivorous ape
  a leather golem
 67 soldiers
  a watchman
  a crocodile
  4 giant beetles
  a quivering blob
  3 cockatrices
  7 wolves
  2 winter wolf cubs
  a lynx
  a panther
  a gremlin
  a spotted jelly
  3 leprechauns
 an orc-captain
 an iron piercer
 11 giant spiders
  2 scorpions
  2 horses
 an ice vortex
  2 black lights
  a vampire bat
  a forest centaur
  5 gnome rulers
 an orc mummy
  a dwarf mummy
 an ogre
  a brown pudding
  7 yetis
  a werewolf
  a Green-elf
  4 giant eels
  3 lizards
  a chickatrice
  a dingo
  a dog
  2 jaguars
  5 blue jellies
  a gray unicorn
  a dust vortex
  3 ravens
  6 plains centaurs
  2 gnome mummies
  a snake
  7 apes
  3 human zombies
  a rope golem
  2 fire ants
 13 bugbears
  2 wood nymphs
  2 water nymphs
  a mountain nymph
  2 Mordor orcs
 11 Uruk-hai
  3 orc shamans
  a rock piercer
  a rock mole
  2 ponies
  a yellow light
  a shrieker
  2 violet fungi
 17 gnome leaders
  8 gnomish wizards
  2 kobold mummies
  a black naga hatchling
  a gray ooze
  a barrow wight
  6 elf zombies
  a straw golem
  4 paper golems
  8 giant ants
  a little dog
  5 floating eyes
 14 dwarves
  a homunculus
  2 kobold leaders
  5 kobold shamans
  5 hill orcs
 16 rothes
  2 centipedes
  3 giant bats
  a monkey
 an orc zombie
  3 wererats
  2 werejackals
  3 iguanas
  3 killer bees
  2 coyotes
  9 manes
  3 large kobolds
 23 hobgoblins
  4 yellow molds
  a green mold
 61 gnomes
  5 garter snakes
  a gnome zombie
  2 geckos
 13 jackals
  a fox
  2 kobolds
  6 goblins
  6 sewer rats
  3 grid bugs
  2 bats
  6 lichens
  4 kobold zombies
  2 newts
602 creatures vanquished.

No species were genocided or became extinct.

Game over:
                       ----------
                      /          \
                     /    REST    \
                    /      IN      \
                   /     PEACE      \
                  /                  \
                  |    Fletchius     |
                  |     18154 Au     |
                  |    killed by     |
                  |     Croesus      |
                  |                  |
                  |                  |
                  |       2026       |
                 *|     *  *  *      | *
        _________)/\\_//(\/(/\)/\//\/|_)_______

Goodbye Fletchius the Priestess...

You died in Fort Ludios with 167178 points,
and 18154 pieces of gold, after 10494 moves.
You were level 13 with a maximum of 113 hit points when you died.

